 Dungeon Crawl Stone Soup version 0.29-a0-6-ga859fcf985 (webtiles) character file.

Game seed: 18186597332363916821

58 Ijustatesigmund the Skirmisher (level 4, -1/29 HPs)
             Began as a Gargoyle Fighter on Jan 27, 2022.
             Slain by an orc priest (4 damage)
             ... on level 3 of the Dungeon.
             The game lasted 00:01:42 (2162 turns).

Ijustatesigmund the Skirmisher (Gargoyle Fighter)   Turns: 2162, Time: 00:01:43

Health: -1/29      AC: 12    Str: 21    XL:     4   Next: 1%
Magic:  4/4        EV:  9    Int:  9    God:
Gold:   36         SH:  4    Dex:  9    Spells: 3/3 levels left

rFire   . . .      SeeInvis .   a - +0 flail
rCold   . . .      Faith    .   c - +0 buckler
rNeg    + . .      Spirit   .   b - +0 scale mail
rPois   ∞          Reflect  .   (no helmet)
rElec   +          Harm     .   (no cloak)
rCorr   .          Rampage  .   (no gloves)
Will    .....                   k - +1 pair of boots
Stlth   ..........              (no amulet)
HPRegen 0.09/turn               (no ring)
MPRegen 0.09/turn               (no ring)

@: hasted, very quick
A: sickness immunity, AC +3, negative energy resistance 1, electricity
resistance, torment resistance 1, petrification resistance
a: no special abilities


You were on level 3 of the Dungeon.
You visited 1 branch of the dungeon, and saw 3 of its levels.

You collected 36 gold pieces.

Inventory:

Hand Weapons
 a - a +0 flail (weapon)
Armour
 b - a +0 scale mail (worn)
 c - a +0 buckler (worn)
 k - a +1 pair of boots (worn)
Jewellery
 f - a ring of fire
 h - an amulet of magic regeneration
Scrolls
 g - a scroll of vulnerability {unknown}
 l - a scroll of enchant weapon {unknown}
Potions
 d - a potion of might
 e - a potion of lignification {unknown}
 j - a potion of berserk rage {unknown}


   Skills:
 + Level 4.0 Fighting
 * Level 3.6 Maces & Flails
 - Level 3.2 Armour
 - Level 3.2 Shields


You had 3 spell levels left.
You didn't know any spells.
Your spell library contained the following spells:

 Spells                   Type           Power      Damage    Failure   Level
 Stone Arrow              Conj/Erth      0%         3d7       99%         3
 Animate Armour           Summ/Erth      0%         N/A       100%        4
 Lehudib's Crystal Spear  Conj/Erth      0%         10d2      100%        8


Dungeon Overview and Level Annotations

Branches:
Dungeon (3/15)

Altars:


Innate Abilities, Weirdness & Mutations

You are immune to sickness and miasma.
Your stone body is resilient. (AC +3)
You are immune to poison.
You resist negative energy. (rN+)
You are resistant to electric shocks. (rElec)
You are resistant to unholy torment.
You are immune to petrification.


Message History

The orc priest is heavily wounded.
You block the orc priest's attack. The orc hits you but does no damage.
You hit the orc priest but do no damage.
The orc priest is heavily wounded.
The orc priest hits you but does no damage.
The orc hits you but does no damage.
You barely miss the orc priest.
The orc priest is heavily wounded.
The orc priest hits you but does no damage.
The orc hits you but does no damage.
The orc priest hits you with a +0 hand axe.
You hit the orc priest.
The orc priest is severely wounded.
The orc hits you but does no damage.
A dart slug comes into view.
The orc priest mumbles some strange prayers to Beogh against you.
Beogh smites you! The orc hits you but does no damage.
You hit the orc priest but do no damage.
The orc priest is severely wounded.
The orc priest looks braver for a moment.
You block the orc's attack.
You hit the orc priest but do no damage.
The orc priest is severely wounded.
The orc priest invokes the aid of Beogh against you.
Beogh smites you!
* * * LOW HITPOINT WARNING * * *
The orc barely misses you.
You are too injured to fight recklessly!
You are too injured to fight recklessly!
You are too injured to fight recklessly!
You are too injured to fight recklessly!
You are too injured to fight recklessly!
You are too injured to fight recklessly!
You are too injured to fight recklessly!
You are too injured to fight recklessly!
You are too injured to fight recklessly!
You are too injured to fight recklessly!
It was a potion of haste.
You feel yourself speed up.
The orc priest hits you with a +0 hand axe.
You die...

#.# #.#### #.# ..
#....# ..#...
###.## ..#.#
#.##.#### ##....
#.# ....###...# #.#
#......w## #.#
#..#.....+ #.#
#..#..@o.#
#.####..#.##o##..
#.......#........
#...........#....
#...........#......
#)..........#......
#...........# #....
#...........# ....
#.........###


You could see an orc priest, a dart slug and an orc.

Vanquished Creatures
  An adder (D:3)
  2 dart slugs
  2 orcs (D:3)
  2 endoplasms (D:1)
  2 giant cockroaches (D:1)
  4 goblins (D:2)
  3 hobgoblins
  2 jackals (D:2)
  4 quokkas
  3 ball pythons (D:1)
  5 bats
  2 frilled lizards
  4 kobolds
  4 rats
40 creatures vanquished.

Notes
Turn   | Place    | Note
-------+----------+-------------------------------------------
     0 | D:1      | Ijustatesigmund the Gargoyle Fighter began the quest for
                  | the Orb.
     0 | D:1      | Reached XP level 1. HP: 14/14 MP: 1/1
   217 | D:1      | Reached XP level 2. HP: 17/19 MP: 2/2
  1203 | D:2      | Reached XP level 3. HP: 22/24 MP: 3/3
  2139 | D:3      | Reached skill level 4 in Fighting
  2153 | D:3      | Reached XP level 4. HP: 27/29 MP: 4/4
  2162 | D:3      | Slain by an orc priest

Illustrated notes

Levels and vault maps discovered:
D:1:      ebering_hopf_link, layout_basic
D:2:      layout_basic, grunt_decor_junction
D:3:      layout_basic

Skill      XL: |  1  2  3 |
---------------+----------+-----
Maces & Flails | 3 |  3.6
Fighting       | 4 |  4.0
Armour         | |  3.2
Shields        | |  3.2

Action                   |  1- 3 |  4- 6 || total
-------------------------+-------+-------++-------
Melee: Flail             |   147 |     9 ||   156
  Use: Potion            |       |     1 ||     1
Armor: Scale mail        |   100 |     9 ||   109
Dodge: Dodged            |    81 |     1 ||    82
Block: Buckler           |    35 |     4 ||    39

Table legend: (Time is in decaauts)
 A = Elapsed time spent in this place.
 B = Non-inter-level travel time spent in this place.
 C = Inter-level travel time spent in this place.
 D = Time resting spent in this place.
 E = Time spent auto-exploring this place.
 F = Levels seen in this place.
 G = Mean time per level.
                   A        B        C        D        E       F      G
               +--------+--------+--------+--------+--------+-----+--------+
         Total |   2207 |   2160 |     47 |      0 |   1812 |   3 |  735.7 |
       Dungeon |   2207 |   2160 |     47 |      0 |   1812 |   3 |  735.7 |
               +--------+--------+--------+--------+--------+-----+--------+

Top non-repeatable levels by time:
     D:1: 1129 daAuts
     D:2: 991 daAuts
     D:3: 86 daAuts
